 Dungeon Crawl Stone Soup version 0.18.1-48-g4cf74bf (webtiles) character file.

258 Joat the Stinger (level 6, 0/41 HPs)
             Began as an Octopode Transmuter on Aug 14, 2016.
             Slain by a big kobold
             ... wielding a +0 club
              (1 damage)
             ... on level 3 of the Dungeon.
             The game lasted 00:18:33 (3375 turns).

Joat the Stinger (Octopode Transmuter)              Turns: 3375, Time: 00:18:33

Health: 0/41       AC:  1    Str: 14    XL:     6   Next: 16%
Magic:  6/9        EV: 13    Int: 15    God:
Gold:   128        SH:  0    Dex: 15    Spells: 2 memorised, 5 levels left

rFire  . . .     SeeInvis .       - Unarmed
rCold  . . .     Gourm    .     (no shield)
rNeg   . . .     Faith    .     (helmet restricted)
rPois  .         Spirit   .     (no amulet)
rElec  .         Dismiss  .     (no ring)
rCorr  .         Reflect  .     (no ring)
SustAt .         Harm     .     (no ring)
MR     .....                    (no ring)
Stlth  ++........               (no ring)
                                (no ring)
                                (no ring)
                                (no ring)

@: mighty, appendage (expiring), not resistant to hostile enchantments,
unstealthy
A: almost no armour, amphibious, 8 rings, constrict 8, tentacle spike 3,
camouflage 1, gelatinous body 1
a: End Transformation


You were on level 3 of the Dungeon.
You were not hungry.
One of your tentacles had a temporary spike.
You visited 1 branch of the dungeon, and saw 3 of its levels.

You collected 128 gold pieces.

Inventory:

Hand Weapons
 i - a +0 short sword
 r - a +2 dagger of holy wrath
Missiles
 a - 12 arrows
Jewellery
 j - an uncursed amulet of faith
Scrolls
 f - 2 scrolls of remove curse {unknown}
 g - 2 scrolls of identify {unknown}
 l - a scroll of enchant weapon {unknown}
 m - a scroll of amnesia {unknown}
 p - a scroll of enchant armour {unknown}
 u - a scroll of fog {unknown}
Potions
 d - 2 potions of flight
 e - a potion of curing
 n - 2 potions of lignification {unknown}
Books
 b - a book of Changes

   Spells                             Type                      Level
   a - Beastly Appendage              Transmutation                1
   b - Sticks to Snakes               Transmutation                2
   c - Spider Form                    Transmutation/Poison         3
   d - Ice Form                       Ice/Transmutation            4
   e - Blade Hands                    Transmutation                5
Comestibles
 c - 3 bread rations
 h - a meat ration
 q - 8 chunks of flesh
 s - 2 beef jerkies
 t - 4 fruits


   Skills:
 - Level 2.7 Fighting
 - Level 2.8 Dodging
 - Level 4.0 Unarmed Combat
 - Level 2.0 Spellcasting
 - Level 2.3 Transmutations
 + Level 4.2 Poison Magic


You had 5 spell levels left.
You knew the following spells:

 Your Spells              Type           Power        Failure   Level  Hunger
a - Beastly Appendage     Trmt           #.....       12%         1    #......
b - Spider Form           Trmt/Pois      ##........   21%         3    ###....


Dungeon Overview and Level Annotations

Branches:
Dungeon (3/15)

Altars:
Pakellas


Innate Abilities, Weirdness & Mutations

You cannot wear most types of armour.
You are amphibious.
You can wear up to eight rings at the same time.
You can use your tentacles to constrict eight enemies at once.
Your skin changes colour to match your surroundings (Stealth).
Your rubbery body absorbs attacks (AC +1).
One of your tentacles bears a large vicious spike.


Message History

You tentacle-slap the big kobold but do no damage.
You pierce the big kobold.
The big kobold is lightly wounded.
Your transformation is almost over.
You constrict the big kobold. x2; The big kobold misses you.
The kobold misses you.
The big kobold hits you with a short sword.
You tentacle-slap the big kobold. You squeeze the big kobold!
The big kobold is severely wounded.
You constrict the big kobold. x2; The kobold closely misses you.
The big kobold hits you with a club.
The big kobold hits you with a short sword!
* * * LOW HITPOINT WARNING * * *
Drink which item? (? for menu, Esc to quit)
It was a potion of might.
You feel very mighty all of a sudden.
You constrict the big kobold. x2; The kobold hits you with a short sword.
* * * LOW HITPOINT WARNING * * *
The big kobold hits you with a club.
You die...

≈≈.≈≈..≈≈≈≈(≈≈≈≈≈≈≈≈..≈≈...≈≈≈#
≈≈≈≈≈≈)≈)≈≈≈(≈≈≈≈≈≈≈≈≈≈≈≈≈≈≈≈≈#
≈≈≈(≈≈≈≈≈≈≈≈(≈≈≈≈≈≈≈≈≈≈≈≈≈≈≈≈≈#
≈≈≈≈≈≈((≈≈≈≈≈≈≈≈#####≈≈≈≈≈≈≈≈≈#
#################$$$#≈≈≈≈≈≈≈≈≈#
.#..............#$$(#≈≈≈≈≈≈≈≈≈#
.))..........)..#$$$#≈≈≈≈≈≈≈≈≈#
##....(......)..##)##≈≈≈≈≈≈≈≈##
.....########...@K.#≈≈≈≈≈≈≈≈≈#
.....# #...KK.#≈≈≈≈≈≈≈≈≈#
.....########(...(.#≈≈≈≈≈≈≈≈##
##..............##)##≈≈≈≈≈≈≈#
.'..............#.).#≈≈≈≈≈≈##
.#......[...(...#...#≈≈≈≈≈≈#
#################...#≈≈≈≈≈##
≈≈≈≈≈≈≈≈≈≈≈≈≈≈≈≈#####≈≈≈≈##
≈≈≈≈≈≈≈≈≈≈≈≈≈≈≈≈≈≈≈≈≈≈####


You could see 2 big kobolds and a kobold.

Vanquished Creatures
  A big kobold (D:3)
  3 gnolls (D:3)
  6 adders
  2 worms (D:2)
  2 dart slugs
  A giant gecko (D:2)
  3 orcs (D:3)
  3 bats (D:2)
  3 giant cockroaches
  23 goblins
  14 hobgoblins
  6 jackals
  9 kobolds
  2 quokkas
  3 giant newts
  7 rats
88 creatures vanquished.

Notes
Turn   | Place    | Note
--------------------------------------------------------------
     0 | D:1      | Joat the Octopode Transmuter began the quest for the Orb.
     0 | D:1      | Reached XP level 1. HP: 13/13 MP: 3/3
   148 | D:1      | Reached XP level 2. HP: 13/18 MP: 5/5
   968 | D:2      | Reached XP level 3. HP: 18/24 MP: 6/6
  1017 | D:2      | Learned a level 3 spell: Spider Form
  1747 | D:2      | Reached skill level 1 in Poison Magic
  1747 | D:2      | Reached XP level 4. HP: 26/29 MP: 7/7
  2308 | D:2      | Found an oddly glowing altar of Pakellas.
  2695 | D:3      | Reached XP level 5. HP: 14/35 MP: 8/8
  3188 | D:3      | Noticed a big kobold
  3188 | D:3      | Noticed a big kobold
  3188 | D:3      | Noticed a big kobold
  3355 | D:3      | Killed a big kobold
  3355 | D:3      | Reached XP level 6. HP: 37/41 MP: 5/9
  3375 | D:3      | HP: 1/41 [kobold/short sword (5)]
  3375 | D:3      | Slain by a big kobold

Skill      XL: |  1  2  3  4  5  6 |
---------------+-------------------+-----
Fighting       | 2 |  2.7
Poison Magic   | 1 3 4 |  4.2
Unarmed Combat | 4 |  4.0
Dodging        | |  2.8
Spellcasting   | |  2.0
Transmutations | |  2.3

Action                   |  1- 3 |  4- 6 || total
-------------------------+-------+-------++-------
Melee: Unarmed           |    24 |    22 ||    46
       Constrict         |    20 |    42 ||    62
       Punch             |     3 |     6 ||     9
       Short sword       |    31 |       ||    31
       Tentacles         |    10 |    19 ||    29
       Dagger            |     4 |   113 ||   117
       Kick              |       |     2 ||     2
 Cast: Spider Form       |       |     1 ||     1
       Beastly Appendage |       |     1 ||     1
  Use: Potion            |       |     5 ||     5
 Stab: Sleeping          |     9 |     2 ||    11
  Eat: Chunk             |     2 |     6 ||     8
Armor: Skin              |     1 |     4 ||     5
Dodge: Dodged            |    23 |    85 ||   108
